 Dungeon Crawl Stone Soup version 0.30-a0-870-gc5d4c5acee (webtiles) character file.

Game seed: 6723170105020699739

134 lunkers the Digger (level 5, -2/38 HPs)
             Began as a Meteoran Earth Elementalist on Mar 11, 2023.
             Slain by an ogre
             ... wielding a +0 giant spiked club
              (23 damage)
             ... on level 4 of the Dungeon.
             The game lasted 00:02:57 (1364 turns).

lunkers the Digger (Meteoran Earth Elementalist)    Turns: 1364, Time: 00:02:58

Health: -2/38      AC:  4    Str:  9    XL:     5   Next: 69%
Magic:  11/11      EV: 12    Int: 25    God:
Gold:   160        SH:  0    Dex: 14    Spells: 5/11 levels left

rFire   . . .      SeeInvis +    m - +0 flail (drain)
rCold   . . .      Faith    .    (no shield)
rNeg    . . .      Spirit   .    t - +1 leather armour "Gupus" {Will+ Regen+ SInv}
rPois   .          Reflect  .    (no helmet)
rElec   .          Rampage  .    (no cloak)
rCorr   .                        (no gloves)
Will    +....                    (no boots)
Stlth   +                        c - amulet of magic regeneration
HPRegen 1.06/turn                d - +6 ring of intelligence
MPRegen 0.52/turn                (no ring)

@: glowing
A: sense surroundings 1, otherworldly, glowing, explore regen
a: no special abilities


You were on level 4 of the Dungeon.
You visited 1 branch of the dungeon, and saw 4 of its levels.

You collected 160 gold pieces.

Inventory:

Hand Weapons
 m - a +0 flail of draining (weapon)
Armour
 a - a +0 robe
 t - the +1 leather armour "Gupus" (worn) {Will+ Regen+ SInv}
   (You found it on level 3 of the Dungeon)

   SInv:      It lets you see invisible.
   Regen:     It increases your rate of health regeneration.
   Will:      It increases your willpower.
Jewellery
 c - an amulet of magic regeneration (around neck)
 d - a +6 ring of intelligence (left hand)
 j - a ring of see invisible
Scrolls
 e - 3 scrolls of identify {unknown}
 f - a scroll of teleportation {unknown}
 g - a scroll of enchant weapon {unknown}
 k - a scroll of brand weapon {unknown}
 l - a scroll of vulnerability {unknown}
 n - a scroll of fear {unknown}
 o - a scroll of enchant armour {unknown}
 q - 2 scrolls of silence {unknown}
 u - a scroll of summoning {unknown}
Potions
 b - a potion of magic
 h - a potion of attraction {unknown}
 i - a potion of flight {unknown}
 p - a potion of ambrosia {unknown}
 r - a potion of curing {unknown}
 s - a potion of degeneration {unknown}
 v - a potion of brilliance {unknown}


   Skills:
 - Level 2.4 Dodging
 - Level 1.4 Stealth
 + Level 3.5 Spellcasting
 - Level 2.0 Conjurations
 - Level 1.2 Transmutations
 * Level 6.0 Earth Magic


You had 5 spell levels left.
You knew the following spells:

 Your Spells              Type           Power      Damage    Failure   Level
a - Stone Arrow           Conj/Erth      48%        3d10      8%          3
b - Passwall              Tmut/Erth      18%        N/A       4%          2
c - Sandblast             Erth           68%        2d15      1%          1

Your spell library contained the following spells:

 Spells                   Type           Power      Damage    Failure   Level
 Apportation              Tloc           8%         N/A       14%         1
 Necrotise                Necr           16%        1d4       14%         1
 Summon Small Mammal      Summ           16%        N/A       14%         1
 Petrify                  Tmut/Erth      22%        N/A       30%         4


Dungeon Overview and Level Annotations

Branches:
Dungeon (4/15) Zot: 1002
 Temple: D:4-7

Altars:
Trog


Innate Abilities, Weirdness & Mutations

You passively map a small area around you.
You are easily found by Zot.
You glow in the dark.
You regain HP and MP as you explore.


Message History

There is an open gate here.
There is a stone staircase leading down here.
You climb downwards.
You hear the sound of rushing water.
There is an entrance to a sewer on this level.
Hurry and find it before the portal rusts away!
There is a stone staircase leading up here.
There is a stone staircase leading up here.
A kobold comes into view. It is wielding a +0 dagger.
A kobold is nearby!
Casting: Sandblast (safe; 1% risk of failure)
Confirm with . or Enter, or press ? or * to list all spells.
The stone arrow misses the kobold.
Casting: Stone Arrow (dangerous; 8% risk of failure)
Confirm with . or Enter, or press ? or * to list all spells.
The stone arrow hits the kobold!!
You kill the kobold!
No target in view!
You see here a +0 dagger.
Found 4 stones.
No target in view!
Magic restored.
You see here 4 stones.
Found a stone staircase leading down.
No target in view!
An ogre comes into view. It is wielding a +0 giant spiked club.
The ogre shouts!
You hear a shout!
A goblin comes into view. It is wielding a +0 club.
The ogre moves out of view.
You hear the slow rusting of a very distant drain.
The ogre hits you with a +0 giant spiked club!!
Ouch! That really hurt!
* * * LOW HITPOINT WARNING * * *
Aiming: Sandblast (safe; 1% risk of failure)
Press: ? - help, Q - select action, (/) - cycle Shift-Dir - straight line, f - ogre
Aim: an ogre, wielding a +0 giant spiked club (92% to hit)
The blast of sand hits the ogre!!
The ogre is severely wounded.
The ogre hits you with a +0 giant spiked club!!
Ouch! That really hurt!
You die...

#########
#.....(.#######
####.#.#.#.......#
*#......#.###..##.# *
...............#
#########.######@# *
........#.#....O...# *
##.####.#.#.####.....# ,
, #.#....#.#,
,,#..>..... , *
#.#.####.####.#...#g##.
#.#..)........#.......
##.#############.....##.
* ,
...................### ,
, + * #...#.#.......# ,+


You could see an ogre and a goblin.

Vanquished Creatures
  A hound (D:3)
  A sleepcap (D:3)
  2 adders
  4 orcs (D:2)
  5 bats
  3 endoplasms
  3 giant cockroaches
  3 goblins (D:1)
  7 hobgoblins
  3 quokkas
  4 ball pythons
  3 frilled lizards
  11 kobolds
  4 rats (D:1)
54 creatures vanquished.

Vanquished Creatures (others)
  5 toadstools (D:3)
5 creatures vanquished.

Grand Total: 59 creatures vanquished

Notes
Turn   | Place    | Note
-------+----------+-------------------------------------------
     0 | D:1      | lunkers the Meteoran Earth Elementalist began the quest for
                  | the Orb.
     0 | D:1      | Reached XP level 1. HP: 14/14 MP: 5/5
    53 | D:1      | Reached skill level 4 in Earth Magic
    71 | D:1      | Reached XP level 2. HP: 20/20 MP: 6/6
   208 | D:1      | Reached XP level 3. HP: 26/26 MP: 8/8
   211 | D:1      | Learned a level 2 spell: Passwall
   218 | D:1      | Learned a level 3 spell: Stone Arrow
   297 | D:1      | Reached skill level 5 in Earth Magic
   485 | D:1      | Glimpsed the power of Zot.
   615 | D:2      | Reached skill level 1 in Conjurations
   617 | D:2      | Reached XP level 4. HP: 31/33 MP: 7/9
   920 | D:3      | Found a bloodstained altar of Trog.
   963 | D:3      | Reached XP level 5. HP: 37/38 MP: 8/10
  1266 | D:3      | Identified the +1 leather armour "Gupus" {Will+ Regen+
                  | SInv}
  1288 | D:3      | Reached skill level 6 in Earth Magic
  1362 | D:4      | Noticed an ogre
  1364 | D:4      | Slain by an ogre

Illustrated notes

Levels and vault maps discovered:
D:1:      mainiacjoe_arrival_reflecting_pool, layout_loops_ring
D:2:      layout_loops_corners, ebering_ecumenical_altar_hall, wad_orctagon
D:3:      cheibrodos_fertilizer, layout_basic, mainiacjoe_overflow_alcove_1,
          lemuel_round_altar
D:4:      layout_loops_cross, mainiacjoe_overflow_24_doors,
          amethyst_overflow_temple_binary, minmay_temple_entry_waves,
          serial_shops, shop, gup_sewer_entry_glass, roderic_lattice_a

Skill      XL: |  1  2  3  4  5 |
---------------+----------------+-----
Earth Magic    | 4 5 6 |  6.0
Conjurations   | 1 2 |  2.0
Spellcasting   | 3 |  3.5
Dodging        | |  2.4
Stealth        | |  1.4
Transmutations | |  1.2

Action                     |  1- 3 |  4- 6 || total
---------------------------+-------+-------++-------
   Cast: Sandblast         |    35 |    33 ||    68
         Stone Arrow       |       |     2 ||     2
 Armour: Robe              |       |     1 ||     1
  Dodge: Dodged            |     4 |     2 ||     6

Table legend: (Time is in decaauts)
 A = Elapsed time spent in this place.
 B = Non-inter-level travel time spent in this place.
 C = Inter-level travel time spent in this place.
 D = Time resting spent in this place.
 E = Time spent auto-exploring this place.
 F = Levels seen in this place.
 G = Mean time per level.
                   A        B        C        D        E       F      G
               +--------+--------+--------+--------+--------+-----+--------+
         Total |   1395 |   1350 |     45 |      0 |   1087 |   4 |  348.8 |
       Dungeon |   1395 |   1350 |     45 |      0 |   1087 |   4 |  348.8 |
               +--------+--------+--------+--------+--------+-----+--------+

Top non-repeatable levels by time:
     D:1: 525 daAuts
     D:3: 414 daAuts
     D:2: 405 daAuts
     D:4: 50 daAuts
